Map: Dusk Towers

Players

Arctur

  • Race: Terran Terran
  • League: Grandmaster

Miszu - Winner!

  • Race: Terran Terran
  • League: Grandmaster

VOD

Have the link to the VOD?

Description

Time

  • Played on: Feb. 7, 2016, 3:28 p.m.
  • Length: 6:02
Show
View Real Time Build Order
Export as new Build Order

Arctur Terran 

Build Orders: Liberator Opening 

Get SALT Encoding   

  12  0:00  SCV  
  13  0:13  SCV  
  14  0:18  Supply Depot  
  14  0:25  SCV  
  15  0:39  SCV  
  15  0:41  Barracks  
  16  0:43  Refinery  
  16  0:51  SCV  
  17  1:03  SCV  
  18  1:15  SCV  
  19  1:28  Reaper, Orbital Command  
  20  1:48  Bunker  
  20  1:52  Supply Depot  
  20  1:56  SCV  
  20  2:00  Marine  
  22  2:08  Command Center  
  22  2:09  SCV  
  23  2:18  Factory  
  23  2:20  Marine  
  24  2:24  SCV  
  25  2:32  Refinery  
  25  2:36  SCV  
  26  2:38  Marine  
  27  2:48  SCV  
  28  2:55  Supply Depot  
  28  2:58  Marine  
  28  3:00  SCV  
  30  3:05  Starport  
  30  3:08  Factory Reactor  
  30  3:16  Bunker  
  30  3:19  Marine  
  30  3:26  Liberator, SCV  
  26  3:38  SCV  
  29  3:52  Factory Tech Lab, SCV  
  30  3:56  Marine x2  
  30  3:59  Orbital Command  
  29  4:14  Marine x2  
  27  4:32  SCV  
  21  4:53  SCV  
  21  4:58  SCV  
  23  5:05  SCV  
  24  5:07  Barracks Reactor  
  24  5:16  SCV  
  24  5:17  SCV  
  22  5:32  SCV  
  22  5:33  SCV  
Show
View Real Time Build Order
Export as new Build Order

Miszu Terran - Winner!

Build Orders:  

Get SALT Encoding   

  12  0:01  SCV  
  13  0:13  SCV  
  14  0:17  Supply Depot  
  14  0:25  SCV  
  15  0:38  SCV  
  15  0:40  Refinery  
  16  0:50  Barracks  
  16  1:00  Barracks  
  16  1:18  SCV  
  17  1:31  SCV  
  18  1:38  Barracks Tech Lab  
  18  1:43  Orbital Command  
  18  1:47  Barracks Tech Lab  
  18  1:57  Supply Depot, Concussive Shells  
  18  1:58  Marauder  
  20  2:05  Marauder  
  21  2:09  SCV  
  22  2:19  Marauder  
  22  2:20  Refinery  
  24  2:23  SCV  
  24  2:27  Marauder  
  27  2:38  Supply Depot  
  27  2:40  Marauder  
  29  2:53  SCV  
  29  2:55  Factory  
  30  3:04  Marauder  
  32  3:05  SCV  
  29  3:29  Marauder  
  29  3:33  Marauder  
  29  3:34  SCV  
  28  3:42  Starport  
  28  3:45  Factory Tech Lab  
  28  3:50  Marauder, SCV  
  33  3:55  Marauder  
  33  4:10  SCV  
  33  4:13  Marauder  
  36  4:22  SCV, Factory Tech Lab  
  37  4:25  Supply Depot  
  36  4:43  Marauder  
  36  4:45  Viking  
  27  4:46  SCV  
  27  4:50  Marauder  
  30  4:58  SCV  
  27  5:10  SCV  
  26  5:22  SCV  
Tags
 
Add a new tag
Caveats
  • Supply blocks, unpowered buildings, or Contaminate may cause inaccurate times.
  • Supply counts are checked every 10 seconds.